 Dungeon Crawl Stone Soup version 0.31-a0-1327-g8c40ea976f (webtiles) character file.

Game seed: 11786901016690099511

609904 Kenran the Slayer (level 26, -23/227 HPs)
             Began as a Vampire Berserker on Dec 16, 2023.
             Was a High Priest of Trog.
             Killed from afar by an orb of fire (53 damage)
             ... with a bolt of fire
             ... on level 5 of the Realm of Zot on Dec 21, 2023.
             The game lasted 02:40:55 (77059 turns).

Kenran the Slayer (Vampire Berserker)              Turns: 77059, Time: 02:40:55

Health: -23/227    AC: 31    Str: 11 (12) XL:     26   Next: 73%
Magic:  18/18      EV: 33    Int: 12      God:    Trog [*****.]
Gold:   5630       SH: 20    Dex: 23 (25) Spells: 25/25 levels left

rFire   . . .        z - +13 Maxwell's thermic engine {flame, freeze, rev}
rCold   + . .        e - +5 kite shield {AC+3}
rNeg    + . .        y - +7 faerie dragon scales {rPois rCorr Stlth+}
rPois   +            b - +2 helmet {Int+3}
rElec   +            v - +2 cloak {Will+}
rCorr   +            S - +2 pair of gloves {Dex+3}
SInv    +            o - +2 pair of boots
Will    +++++        T - amulet of the Four Winds {rN+ Will+++ Clar}
Stlth   +++++++++    L - +4 ring of slaying
HPRegen 1.77/turn    U - ring of Desomn {rElec EV+5 Int+2}
MPRegen 0.16/turn

%: clarity
@: mighty, about to teleport, resistant, strong-willed, regenerating, hasted,
studying 2 skills, very quick
A: alive, fangs 3, see invisible, vampiric 2, clumsy 1, deformed body,
deterioration 2, dopey 2, low MP 2, screaming 1, weak 2, heat vulnerability 1,
persistent drain
}: 3/15 runes: serpentine, barnacled, silver
a: Exsanguinate, Renounce Religion, Berserk, Trog's Hand, Brothers in Arms


You were on level 5 of the Realm of Zot.
You worshipped Trog.
Trog was extremely pleased with you.
You visited 10 branches of the dungeon, and saw 49 of its levels.
You visited the Abyss 2 times.
You also visited: Gauntlet and Wizlab.

You collected 6829 gold pieces.
You spent 1199 gold pieces at shops.

Inventory:

Hand Weapons
 f - a +8 double sword of electrocution
 z - the +13 Maxwell's thermic engine (weapon) {flame, freeze, rev}
   (Trog gifted it to you on level 3 of the Vaults)
Missiles
 g - 6 throwing nets
Armour
 b - a +2 helmet of intelligence (worn)
 e - a +5 kite shield of protection (worn)
 o - a +2 pair of boots (worn)
 v - a +2 cloak of willpower (worn)
 y - the +7 faerie dragon scales (worn) {rPois rCorr Stlth+}
   (You took it off the Enchantress on level 1 of the Depths)

   rPois:     It protects you from poison rCorr: It protects you from acid and
   corrosion.
   Stlth+:    It makes you more stealthy.
 S - a +2 pair of gloves of dexterity (worn)
Jewellery
 w - a ring of protection from fire
 D - the ring of the Doomed God {Fire Fly rElec Str-4 Slay+5}
   (You found it in a wizard's laboratory)

   [ring of fire]

   Fire:      It enhances your fire magic.
   Str-4:     It affects your strength (-4).
   Slay+5:    It affects your accuracy & damage with ranged weapons and melee
   (+5).
   rF+:       It protects you from fire.
   rC-:       It makes you vulnerable to cold.
   rElec:     It insulates you from electricity.
   Fly:       It grants you flight.
 K - a ring of resist corrosion
 L - a +4 ring of slaying (left hand)
 P - a ring of ice
 T - the amulet of the Four Winds (around neck) {rN+ Will+++ Clar}
   (You found it on level 2 of the Depths)

   [amulet of nothing]

   rN+:       It protects you from negative energy.
   Will+++:   It greatly increases your willpower.
   Clar:      It protects you from confusion, rage, mesmerisation and fear.
 U - the ring of Desomn (right hand) {rElec EV+5 Int+2}
   (You found it in a Gauntlet)

   [ring of evasion]

   EV+5:      It affects your evasion (+5).
   Int+2:     It affects your intelligence (+2).
   rElec:     It insulates you from electricity.
 Y - a ring of protection from cold
Wands
 c - a wand of quicksilver (21)
 i - a wand of mindburst (41)
 q - a wand of flame (115)
 C - a wand of iceblast (43)
 J - a wand of digging (14)
 Q - a wand of polymorph (14)
 X - a wand of charming (16)
Scrolls
 a - 5 scrolls of silence
 j - 8 scrolls of teleportation
 m - 11 scrolls of immolation {!r}
 r - 7 scrolls of revelation
 s - 2 scrolls of summoning
 t - a scroll of vulnerability {!r}
 u - 13 scrolls of poison {!r}
 E - 7 scrolls of fog
 I - a scroll of blinking
 N - 10 scrolls of fear
 O - 5 scrolls of enchant armour
Potions
 d - 6 potions of attraction {!q}
 h - 24 potions of curing {@q1}
 k - 2 potions of cancellation
 l - 6 potions of might
 n - 9 potions of mutation {!q}
 p - 5 potions of lignification {!q}
 x - 5 potions of haste
 A - 2 potions of ambrosia
 B - 6 potions of enlightenment
 F - 5 potions of invisibility
 G - 14 potions of heal wounds {@q2}
 M - 3 potions of resistance
 R - 2 potions of berserk rage {!q}
 Z - 5 potions of magic
Miscellaneous
 H - a sack of spiders
 V - a condenser vane (inert)
 W - a lightning rod (2/4)


   Skills:
 + Level 22.8 Fighting
 - Level 16.0 Long Blades
 - Level 14.0 Polearms
 - Level 14.0 Armour
 - Level 22.0 Dodging
 + Level 22.6 Stealth
 - Level 14.0 Shields
 + Level 15.5 Evocations


You had 25 spell levels left.
You didn't know any spells.
Your spell library was empty.

Dungeon Overview and Level Annotations

Branches:
Dungeon (15/15)            Temple (0/1) D:5            Lair (5/5) D:8
 Shoals (4/4) Lair:3        Snake (4/4) Lair:2        Slime (2/5) Lair:4
    Orc (2/2) D:10            Elf (3/3) Orc:2        Vaults (5/5) D:13
  Crypt (0/3) Vaults:3     Depths (4/4) D:15            Zot (5/5) Depths:4
 WizLab (visited)         Gauntlet (visited)

Altars:
Dithmenos
Gozag
Hepliaklqana
Uskayaw
Wu Jian
Xom

Shops:
D:4 *   D:9 !   Orc:1 (   Orc:2 (:[*   Shoals:1 !   Snake:1 =(*   Snake:2 *
Snake:4 [   Vaults:1 *   Vaults:3 [   Vaults:5 [   Depths:3 **

Portals:
Hell: Depths:1 Depths:2 Depths:3 Depths:4
Abyss: Depths:1 Depths:3
Pandemonium: Depths:2 Depths:3 Depths:4
Ziggurat: Depths:2

Annotations:
D:7 exclusion: downstairs
D:14 Rupert
Lair:2 3 runed translucent doors, anet's ghost, journeyman DjHW
Orc:2 exclusion: oklob plant
Elf:1 exclusion: downstairs
Elf:3 1 runed translucent door, Roxanne
Depths:1 exclusion: lindwurm
Depths:2 exclusions: daeva, necromancer and 2 more exclusions
Depths:3 4 runed translucent doors, exclusion: obsidian statue, Plog's ghost, veteran TeGl


Innate Abilities, Weirdness & Mutations

Your natural rate of healing is accelerated.
You have razor-sharp teeth.
You have supernaturally acute eyesight. (SInv)
You are afflicted with vampirism and can become a bat while bloodless.
You are clumsy. (Dex -2)
Armour fits poorly on your strangely shaped body.
Your body often deteriorates upon taking damage.
You are very dopey. (Int -4)
Your magical capacity is very low. (-20% MP)
You occasionally shout uncontrollably at your foes.
You are very weak. (Str -4)
You are vulnerable to heat. (rF-)
Your health recovers twice as slowly from being drained.


Message History

Your bite misses the orb of fire.
The orb of fire is almost destroyed.
An orb of fire comes into view.
You slice the orb of fire!!
You destroy the orb of fire!
Trog accepts your kill.
The ancient lich gestures at you while chanting.
The bolt of acid misses you.
You feel your intelligence returning.
As you read the scroll of teleportation, it crumbles to dust.
You feel strangely unstable.
You feel the Orb delaying your translocation!
The Killer Klown blinks!
You slice the ancient lich like a ripe choko!!!
You burn the ancient lich. You freeze the ancient lich.
The ancient lich is heavily damaged.
The orb of fire glows yellow.
The bolt of fire misses you.
The ancient lich points at you and mumbles some strange words.
The crystal spear hits you!!!!
You open the ancient lich like a pillowcase!!!
You burn the ancient lich.
The ancient lich is almost destroyed.
The orb of fire glows deep purple.
The bolt of fire hits you!!!
* * * LOW HITPOINT WARNING * * *
Your body deteriorates!
You feel weakened.
The storm dragon breathes lightning at you.
The bolt of lightning hits the ancient lich!
The ancient lich resists.
The bolt of lightning hits you. You resist.
* * * LOW HITPOINT WARNING * * *
The ancient lich completely misses you.
You hear a roar!
You hear a shout!
You slice the ancient lich!!
You destroy the ancient lich!
Trog accepts your kill.
Trog appreciates your killing of a magic user.
The orb of fire glows yellow.
The bolt of fire hits you!!!
You die...

,,,,^,,,,,,,,,,,,* ≣≣....[......
,,,,,,,,,,,,,,,,,* ≣.^.........
,,,,,,,,,.,,,,,,,* ≣≣...........
,,,,,,,,,..,,,,,,* ≣............
,,,^,,,,,...,,,,,* ≣≣............
^,,,,,,,,....^,,,*≣≣..✱..........
^,^,,,,,,.....,L≣≣≣...≣≣≣≣≣≣≣≣≣≣≣
,,,,,,,,,....2D≣≣....≣≣ ≣
,,,,,,,,,.....dL@..≣≣≣
*,,,,^***▓▓▓▓▓▓▓▓▓▓≣
,,,,,,,,,,,,,,,****
,,,,,,,,,,,,,,,,,,***
,,,,,,^,,,,,,,,,,,,,**
,,,,,,,,,,,,,,,,,^,,,* *********
,,,,,,,,,,^,,,,^,,,,,***,,,,,,,**
,,,,^,,,,,,,,,,,,,,,,**,,,,,,,,,*
,,,,,,,,,,^,,,,,,,,,,*,,,,,,,,^,,


You could see an orb of fire, a dread lich (fast, invisible), a storm dragon
(catching breath), a green draconian and a cacodemon (summoned).

Vanquished Creatures
  3 dread liches
  2 orbs of fire
  4 ancient liches
  Mara (Elf:3)
  Josephina (Zot:2)
  The ghost of Hauff the Metallomancer, a veteran GrEE of Ashenzari (Depths:2)
  A curse toe (Zot:2)
  Saint Roka (Depths:1)
  3 golden dragons
  2 caustic shrikes (Depths:4)
  the Enchantress (Depths:1)
  A walking earthen tome (Depths:2)
  2 electric golems
  7 Orb Guardians (Zot:5)
  13 tentacled monstrosities
  Asterion (D:13)
  5 titans (Vaults:5)
  4 liches
  9 quicksilver dragons
  A moon troll (WizLab)
  3 deep elf blademasters (Elf:3)
  5 sphinxes
  A deep elf master archer (Elf:3)
  5 acid blobs (Slime:2)
  An Executioner (Abyss:2)
  8 tentacled starspawn
  5 death cobs
  An ancient champion (Vaults:3)
  4 shadow dragons
  Kirke (Lair:2)
  11 tengu reavers
  16 storm dragons
  4 draconian knights
  9 nagarajas
  A protean progenitor (Zot:2)
  7 fire giants
  Aizul (Shoals:1)
  5 draconian monks
  2 azure jellies (Slime:2)
  6 frost giants
  A rockslime (Slime:2)
  3 ghost moths
  12 vault wardens
  10 draconian shifters
  7 deep elf sorcerers
  An angel (Abyss:1)
  3 cacodemons
  3 deep elf elementalists (Elf:3)
  A balrug (Abyss:2)
  3 spectral caustic shrikes (Depths:1)
  9 draconian scorchers
  3 orc warlords
  4 ironbound thunderhulks
  A juggernaut skeleton (Depths:3)
  2 quicksilver oozes
  31 very ugly things
  4 war gargoyles
  6 formless jellyfish
  22 stone giants
  5 spriggan defenders
  7 green draconians
  5 draconian stormcallers
  7 draconian annihilators
  19 ironbound preservers
  5 deep elf demonologists
  10 deep elf death magi
  6 black draconians
  17 dire elephants
  18 purple draconians
  12 yellow draconians
  A minotaur (Gauntlet)
  9 red draconians
  9 deep elf annihilators
  8 white draconians
  9 ettins
  6 spark wasps
  3 merfolk javelineers
  3 crystal guardians
  5 merfolk impalers
  3 deep elf high priests
  8 fire dragons
  8 great orbs of eyes
  10 yaktaur captains
  A rakshasa (Depths:2)
  5 salamander tyrants
  3 entropy weavers
  2 peacekeepers
  8 ice dragons
  A hell beast (Depths:4)
  5 hydras
  31 vault guards
  12 anacondas
  An ogre mage (D:13)
  4 merfolk aquamancers
  2 catoblepae
  4 boulder beetles
  3 merfolk avatars (Shoals:4)
  10 spriggan air magi
  12 centaur warriors
  2 two-headed ogres
  7 ironbound frosthearts
  28 naga warriors
  A radroach (Zot:2)
  3 alligator snapping turtles (Shoals:4)
  7 tengu warriors
  8 deep troll earth magi
  14 deep troll shamans
  28 dancing weapons
  10 naga sharpshooters
  5 orc high priests
  5 spriggan berserkers (Depths:2)
  9 death yaks (Lair:5)
  Sonja (Lair:2)
  A vampire mage (Depths:4)
  A demonic crawler (Lair:1)
  Urug (D:10)
  A shock serpent (shapeshifter) (Vaults:5)
  A sun demon (Depths:1)
  12 deep elf knights
  A storm dragon zombie (Depths:3)
  11 shock serpents
  A spriggan (Depths:4)
  5 hell knights
  4 skeletal warriors
  6 skysharks
  12 iron trolls
  7 salamander mystics
  A sixfirhy (Gauntlet)
  A bunyip zombie (Abyss:2)
  13 glowing orange brains
  An orange crystal statue (WizLab)
  70 deep trolls
  15 sea snakes
  8 arcanists
  8 deep elf archers
  A flayed ghost (Depths:2)
  A storm dragon skeleton (Depths:3)
  13 ironbound convokers
  6 naga ritualists
  A fire giant zombie (Depths:1)
  Pikel (D:4)
  24 deep elf pyromancers
  15 orc knights
  10 necromancers
  11 mana vipers
  14 harpies
  6 orc sorcerers
  A wolf spider (Vaults:5)
  16 lindwurms
  7 manticores
  2 phantasmal warriors (Vaults:5)
  A faun (shapeshifter) (Vaults:5)
  25 deep elf zephyrmancers
  23 salamanders
  Maurice (Orc:2)
  44 ugly things
  A salamander (shapeshifter) (Elf:3)
  3 shining eyes
  7 cyclopes
  3 kobold blastminers
  2 elephants (Lair:5)
  16 moths of wrath
  5 fauns
  A water nymph (Shoals:4)
  9 guardian serpents
  12 naga magi
  12 merfolk sirens
  An apocalypse crab (Abyss:1)
  A titan simulacrum (Depths:3)
  6 torpor snails (Lair:5)
  41 black mambas
  5 smoke demons
  A torpor snail (shapeshifter) (Vaults:5)
  4 gargoyles
  17 vault sentinels
  4 orange demons (D:12)
  3 eyes of devastation (WizLab)
  11 cane toads
  An elf skeleton (Vaults:5)
  5 efreet
  9 large abominations
  14 komodo dragons
  A spark wasp simulacrum (Depths:1)
  3 rime drakes (Lair:5)
  A freezing wraith (Vaults:5)
  5 kobold demonologists
  30 yaktaurs
  2 tormentors
  9 tengu conjurers
  An anaconda simulacrum (Depths:1)
  4 red devils (D:12)
  2 ancient zymes (Abyss:1)
  3 meliai (D:14)
  A polar bear (shapeshifter) (Elf:1)
  A polar bear (Lair:5)
  16 merfolk
  4 tyrant leeches (Lair:5)
  9 hornets
  A wind drake (Shoals:2)
  A glass eye (Slime:2)
  4 trolls
  4 blink frogs (Lair:4)
  14 dream sheep
  An iron dragon simulacrum (Depths:1)
  6 raiju
  7 snapping turtles
  3 air elementals
  A jumping spider (Vaults:3)
  52 slime creatures
  A shadow (D:12)
  3 flying skulls (Abyss:2)
  2 vampires (D:9)
  A culicivora (Vaults:1)
  2 ynoxinuls
  21 yaks
  3 fire bats (Abyss:2)
  13 water elementals
  4 wraiths
  A hog (Lair:2)
  3 wargs
  A fire elemental (Elf:1)
  6 humans
  6 wyverns
  5 redbacks
  3 golden eyes (WizLab)
  4 basilisks
  4 neqoxecs
  2 steam dragons
  30 starcursed masses
  12 vampire mosquitoes
  51 nagas
  3 swamp worms (Lair:1)
  A swamp worm (shapeshifter) (Vaults:5)
  14 water moccasins
  A moth of wrath simulacrum (Zot:2)
  A tengu skeleton (Depths:1)
  A meliai simulacrum (D:15)
  2 ice beasts
  A sky beast (D:7)
  2 black bears (D:4)
  41 orc warriors
  5 boggarts (Vaults:1)
  5 ogres
  7 small abominations
  31 wolves
  5 centaurs
  2 elf zombies (Elf:1)
  18 kobold brigands
  13 bullfrogs
  Blork the orc (D:5)
  3 earth elementals
  3 scorpions
  A gnoll sergeant (D:11)
  3 wights (D:8)
  4 killer bees
  2 howler monkeys
  2 electric eels
  2 hounds
  2 jellies (D:6)
  39 orc priests
  A gnoll bouda (D:7)
  3 sleepcaps
  Crazy Yiuf (D:7)
  Jessica (D:3)
  7 iguanas
  Natasha (thrice) (D:3)
  27 orc wizards
  2 lightning spires (Gauntlet)
  Robin (D:4)
  9 gnolls
  10 adders
  A shadow imp (D:6)
  4 white imps
  3 ufetubi
  A worm (D:3)
  A dart slug (D:4)
  123 orcs
  2 ball pythons
  8 endoplasms
  21 goblins
  16 hobgoblins
  5 jackals
  25 kobolds
  9 quokkas
  5 bats
  2 frilled lizards (D:2)
  5 rats
  An aspiring flesh (Zot:2)
  4 starspawn tentacles (WizLab)
2188 creatures vanquished.

Vanquished Creatures (collateral kills)
  Vv (Zot:2)
  A tengu reaver (Vaults:5)
  2 nagarajas (Snake:4)
  A fire giant (Vaults:5)
  Louise (D:15)
  A vault warden (Vaults:3)
  A frost giant (Vaults:5)
  A spriggan defender (Depths:1)
  A crystal guardian (Vaults:4)
  A yaktaur captain (Vaults:4)
  A merfolk javelineer (Shoals:4)
  3 vault guards (Vaults:5)
  An entropy weaver (Vaults:3)
  A peacekeeper (Vaults:4)
  2 spriggan air magi (Depths:1)
  An ironbound frostheart (Vaults:4)
  A merfolk aquamancer (Shoals:4)
  A two-headed ogre (shapeshifter) (Vaults:5)
  A satyr (Shoals:3)
  A naga sharpshooter (Snake:4)
  A shock serpent (Snake:4)
  A deep troll (Vaults:4)
  2 naga ritualists (Snake:4)
  2 fauns (Shoals:3)
  A cyclops (Shoals:4)
  2 manticores (Shoals:4)
  A salamander (Snake:4)
  2 ugly things (Vaults:5)
  A merfolk siren (Shoals:4)
  A frost giant skeleton (Vaults:5)
  A guardian serpent (Snake:4)
  2 naga magi (Snake:4)
  4 vault sentinels (Vaults:4)
  2 storm dragon simulacra (Zot:2)
  A water nymph (Shoals:4)
  A yaktaur (Vaults:4)
  A wind drake (Shoals:4)
  A snapping turtle (Shoals:4)
  A jumping spider (Vaults:3)
  2 water elementals
  A redback (Vaults:3)
  An ogre zombie (Vaults:5)
  7 nagas (Snake:4)
  A moth of wrath simulacrum (Zot:2)
64 creatures vanquished.

Vanquished Creatures (others)
  A frost giant (Depths:3)
  A merfolk aquamancer (Shoals:4)
  A dancing weapon (Elf:1)
  A deep elf knight (Elf:2)
  2 mana vipers
  2 deep elf zephyrmancers (Elf:2)
  An eye of devastation (shapeshifter) (Depths:2)
  3 humans (Snake:1)
  An orc wizard (Orc:2)
  An orc (Vaults:5)
  19 starspawn tentacles
33 creatures vanquished.

Grand Total: 2285 creatures vanquished

Notes
Turn   | Place    | Note
-------+----------+-------------------------------------------
     0 | D:1      | Kenran the Vampire Berserker began the quest for the Orb.
     0 | D:1      | Reached XP level 1. HP: 17/17 MP: 1/1
   273 | D:1      | Reached XP level 2. HP: 23/23 MP: 2/2
  1272 | D:2      | Gained mutation: You are afflicted with vampirism and can
                  | become a bat while bloodless. [Vampire growth]
  1272 | D:2      | Reached XP level 3. HP: 25/28 MP: 3/3
  1289 | D:2      | Reached ** piety under Trog
  1559 | D:3      | Noticed Jessica
  1738 | D:3      | Noticed Natasha
  1776 | D:3      | Killed Natasha
  1784 | D:3      | Reached XP level 4. HP: 31/34 MP: 4/4
  1795 | D:3      | Noticed Natasha
  1799 | D:3      | Killed Natasha
  1800 | D:3      | Reached skill level 5 in Long Blades
  1864 | D:3      | Killed Jessica
  1916 | D:3      | Reached XP level 5. HP: 39/39 MP: 5/5
  2070 | D:3      | Noticed Natasha
  2077 | D:3      | Killed Natasha
  2158 | D:3      | Found a faded altar of an unknown god.
  2347 | D:4      | Reached *** piety under Trog
  2364 | D:4      | Found Godyleo's Assorted Antiques.
  2380 | D:4      | Reached XP level 6. HP: 47/47 MP: 6/6
  2663 | D:4      | Reached XP level 7. HP: 41/53 MP: 7/7
  2739 | D:4      | Noticed Pikel
  2779 | D:4      | Killed Pikel
  2854 | D:4      | Reached XP level 8. HP: 60/60 MP: 8/8
  2915 | D:4      | Noticed Robin
  2932 | D:4      | Killed Robin
  3158 | D:5      | Entered Level 5 of the Dungeon
  3193 | D:5      | Found a staircase to the Ecumenical Temple.
  3194 | D:5      | Noticed Blork the orc
  3206 | D:5      | Killed Blork the orc
  3247 | D:5      | Found a shimmering altar of Xom.
  3318 | D:5      | Reached **** piety under Trog
  3346 | D:5      | Reached skill level 10 in Long Blades
  3739 | D:6      | Reached skill level 5 in Fighting
  3817 | D:6      | You fall into a shaft and drop 1 floor!
  3900 | D:6      | Reached XP level 9. HP: 57/68 MP: 9/9
  4221 | D:7      | Reached ***** piety under Trog
  5410 | D:7      | Found a runed translucent door.
  5411 | D:7      | Noticed Crazy Yiuf
  5412 | D:7      | Identified the +1 hammer of Instinct {holy, Stlth+}
  5417 | D:7      | Killed Crazy Yiuf
  5718 | D:8      | Noticed a komodo dragon
  5787 | D:8      | Noticed a two-headed ogre
  5801 | D:7      | Received a gift from Trog
  5849 | D:8      | Noticed a centaur warrior
  5860 | D:8      | Killed a centaur warrior
  5861 | D:8      | Reached skill level 5 in Dodging
  5861 | D:8      | Reached XP level 10. HP: 68/77 MP: 10/10
  5904 | D:8      | Found a staircase to the Lair.
  5967 | D:8      | Killed a two-headed ogre
  7202 | D:9      | Reached XP level 11. HP: 73/84 MP: 11/11
  7344 | D:9      | Found Jesum's Distillery.
  7348 | D:9      | Bought a potion of curing for 48 gold pieces
  7348 | D:9      | Bought a potion of heal wounds for 80 gold pieces
  7997 | D:10     | Entered Level 10 of the Dungeon
  8236 | D:10     | Noticed Urug
  8251 | D:10     | Killed Urug
  8252 | D:10     | Reached skill level 5 in Armour
  8357 | D:10     | Found a staircase to the Orcish Mines.
  8361 | D:10     | Noticed a sun demon
  8389 | D:10     | Found a hazy altar of Hepliaklqana.
  8460 | D:10     | Identified the +6 triple sword "Sad Kuni" {flame, Will+
                  | Str+3} (Trog gifted it to you on level 10 of the Dungeon)
  8460 | D:10     | Received a gift from Trog
  8558 | D:10     | Noticed a catoblepas
  8583 | D:10     | Killed a catoblepas
  8868 | Lair:1   | Entered Level 1 of the Lair of Beasts
  9071 | Lair:1   | Identified the +10 rapier of Iwapa {protect, rC+++ Dex-3}
  9299 | Lair:1   | Found the +8 trident of the Octopus King {venom, rElec
                  | rPois}
  9595 | Lair:1   | Noticed a demonic crawler
  9621 | Lair:1   | Killed a demonic crawler
 10108 | Lair:2   | Reached skill level 10 in Dodging
 10114 | Lair:2   | Reached skill level 1 in Stealth
 10298 | Lair:2   | Noticed Sonja
 10323 | Lair:2   | Reached XP level 12. HP: 93/93 MP: 12/12
 10360 | Lair:2   | Killed Sonja
 10394 | Lair:2   | Noticed anet's ghost (journeyman DjHW)
 10615 | Lair:2   | Found a staircase to the Snake Pit.
 10836 | Lair:2   | Reached skill level 5 in Stealth
 10867 | Lair:2   | Found a runed translucent gate.
 10867 | Lair:2   | Found a runed translucent gate.
 10867 | Lair:2   | Found a runed translucent gate.
 11531 | Lair:3   | Noticed a seven-headed hydra
 11543 | Lair:3   | Killed a seven-headed hydra
 11804 | Lair:3   | Reached skill level 10 in Fighting
 11819 | Lair:3   | Found a staircase to the Shoals.
 12256 | Lair:4   | Noticed a six-headed hydra
 12334 | Lair:4   | Killed a six-headed hydra
 12499 | Lair:4   | Found a staircase to the Slime Pits.
 12564 | Lair:4   | Identified the +5 chain mail "Sonesi" {Rampage Dex+2
                  | Stlth+}
 12612 | Lair:4   | Noticed a boulder beetle
 12719 | Lair:4   | Killed a boulder beetle
 12801 | Lair:4   | Reached skill level 10 in Stealth
 12822 | Lair:4   | Received a gift from Trog
 13130 | Lair:5   | Entered Level 5 of the Lair of Beasts
 13130 | Lair:5   | Noticed a death yak
 13131 | Lair:5   | Noticed a death yak
 13133 | Lair:5   | Noticed a death yak
 13143 | Lair:4   | Reached XP level 13. HP: 76/104 MP: 13/13
 13975 | Lair:5   | Noticed a dire elephant
 14291 | Lair:5   | Reached skill level 1 in Evocations
 14409 | Lair:5   | Killed a dire elephant
 14732 | Lair:5   | Paralysed by a hornet for 3 turns
 15477 | Lair:5   | Reached XP level 14. HP: 102/115 MP: 14/14
 15721 | Lair:5   | Reached skill level 5 in Evocations
 16336 | D:8      | Upgraded the game from 0.31-a0-1242-g57893ffec4 to
                  | 0.31-a0-1272-g9f703e4c1d
 16871 | D:11     | Received a gift from Trog
 17608 | D:12     | Identified the +0 chain mail "Nyenel" {rElec Regen+ Dex-3
                  | Stlth+}
 18919 | D:13     | Reached skill level 10 in Armour
 19473 | D:13     | Found a gate to the Vaults.
 19770 | D:14     | Found a shadowy altar of Dithmenos.
 20063 | D:14     | Reached XP level 15. HP: 104/124 MP: 15/15
 20142 | D:14     | Found a gate leading to a gauntlet.
 20348 | Gauntlet | Entered a Gauntlet
 20348 | Gauntlet | Found a transporter.
 20348 | Gauntlet | Found a runed translucent door.
 20348 | Gauntlet | Found a transporter.
 20445 | Gauntlet | Found a transporter.
 20447 | Gauntlet | Found a runed translucent door.
 20449 | Gauntlet | Found a transporter.
 20449 | Gauntlet | Found a transporter.
 20449 | Gauntlet | Found a transporter.
 20480 | Gauntlet | Found a transporter.
 20483 | Gauntlet | Found a transporter.
 20494 | Gauntlet | Found a transporter.
 20510 | Gauntlet | Found a transporter.
 20524 | Gauntlet | Found a transporter.
 20528 | Gauntlet | Found a transporter.
 20541 | Gauntlet | Found a runed translucent door.
 20710 | Gauntlet | Identified the ring of Desomn {rElec EV+5 Int+2}
 20779 | Gauntlet | Identified the +0 ring mail "Caxiraex" {Str+2}
 20787 | Gauntlet | Identified the +0 chain mail of Untold Secrets {+Inv}
 20900 | D:14     | Noticed Rupert
 21434 | Orc:1    | Entered Level 1 of the Orcish Mines
 21477 | Orc:1    | Reached ****** piety under Trog
 21665 | Orc:1    | Found Dycvitzo's Weapon Emporium.
 21737 | Orc:2    | Entered Level 2 of the Orcish Mines
 21742 | Orc:2    | Received a gift from Trog
 22072 | Orc:2    | Noticed Maurice
 22078 | Orc:2    | Killed Maurice
 22188 | Orc:2    | Found a staircase to the Elven Halls.
 22769 | Orc:2    | Reached skill level 15 in Fighting
 23530 | Orc:2    | Received a gift from Trog
 23584 | Orc:2    | Found Pabuemnu's Antique Armour Emporium.
 23585 | Orc:2    | Found Turphick's Antique Weapon Shoppe.
 23587 | Orc:2    | Found Cuofopsu's General Store.
 23587 | Orc:2    | Found Cegosier's Book Emporium.
 23897 | Orc:2    | Upgraded the game from 0.31-a0-1272-g9f703e4c1d to
                  | 0.31-a0-1327-g8c40ea976f
 24207 | D:15     | Entered Level 15 of the Dungeon
 24227 | D:15     | Noticed Louise
 24403 | D:15     | Found a staircase to the Depths.
 25130 | D:15     | Killed Louise
 25484 | Snake:1  | Entered Level 1 of the Snake Pit
 25492 | Snake:1  | Noticed Kirke
 25519 | Lair:2   | Noticed a sphinx
 25523 | Lair:2   | Killed Kirke
 25524 | Lair:2   | Reached skill level 1 in Polearms
 25604 | Snake:1  | Found Cejarhi's Mayhem Merchandise.
 25897 | Snake:1  | Found Rixtauc's Weapon Shoppe.
 25897 | Snake:1  | Found Uloxtuk's Jewellery Emporium.
 26792 | Snake:1  | Reached XP level 16. HP: 134/136 MP: 16/16
 26935 | Snake:1  | Reached skill level 5 in Polearms
 28027 | Snake:2  | Received a gift from Trog
 28136 | Snake:2  | Found Xoewno's Assorted Antiques.
 28145 | Snake:2  | Bought a scroll labelled NANTED GEQUFOG for 35 gold pieces
 28145 | Snake:2  | Bought a scroll of identify for 70 gold pieces
 29995 | Snake:4  | Entered Level 4 of the Snake Pit
 30150 | Snake:4  | Reached skill level 10 in Polearms
 30915 | Snake:3  | HP: 6/136 [poisoned by a naga warrior (splash of poison)]
 31129 | Snake:4  | Found Punaet's Armour Shop.
 31592 | Snake:4  | Received a gift from Trog
 32427 | Snake:4  | Reached XP level 17. HP: 142/142 MP: 17/17
 32534 | Snake:4  | Reached skill level 1 in Shields
 33649 | Snake:4  | Identified the +10 morningstar "Utategh" {venom, Dex+6}
 34335 | Shoals:1 | Entered Level 1 of the Shoals
 34335 | Shoals:1 | Found Aweonin's Distillery.
 34351 | Shoals:1 | Bought a potion of might for 56 gold pieces
 34351 | Shoals:1 | Bought a potion of curing for 42 gold pieces
 34351 | Shoals:1 | Bought a potion of heal wounds for 70 gold pieces
 34351 | Shoals:1 | Bought a potion of heal wounds for 70 gold pieces
 34460 | Shoals:1 | Identified the serpent talisman of Ennui {Int+3 Dex+5}
 34460 | Shoals:1 | Noticed Aizul
 34482 | Shoals:1 | Killed Aizul
 35132 | Shoals:1 | Received a gift from Trog
 35428 | Shoals:2 | Found the +8 whip "Snakebite" {venom, curare, rPois}
 36695 | Shoals:3 | Reached skill level 5 in Shields
 37226 | Shoals:4 | Entered Level 4 of the Shoals
 38089 | Shoals:4 | Identified the +1 dagger of a Million Beasts {spect, rPois}
 38198 | Shoals:4 | Received a gift from Trog
 38248 | Shoals:4 | Reached XP level 18. HP: 138/149 MP: 15/18
 38404 | Shoals:4 | Identified the +6 glaive "Ewuxytt" {antimagic, rPois rF+
                  | rCorr Str+3}
 38696 | Shoals:4 | Identified the +3 scale mail of Mabbann {Int+4}
 38849 | Shoals:4 | Got a barnacled rune of Zot
 40264 | Snake:4  | Got a serpentine rune of Zot
 40658 | Elf:1    | Entered Level 1 of the Elven Halls
 41006 | Elf:1    | Paralysed by an air elemental for 1 turns
 41010 | Elf:1    | Paralysed by an air elemental for 1 turns
 41690 | Elf:1    | Received a gift from Trog
 42529 | Vaults:1 | Entered Level 1 of the Vaults
 42645 | Vaults:1 | Noticed Asterion
 42668 | D:13     | Killed Asterion
 43535 | Vaults:1 | Received a gift from Trog
 44189 | Vaults:1 | Reached XP level 19. HP: 137/157 MP: 16/19
 44201 | Vaults:1 | Reached skill level 10 in Shields
 44598 | Vaults:1 | Found Efio's General Store.
 44626 | Vaults:1 | Bought a scroll of enchant weapon for 97 gold pieces
 44626 | Vaults:1 | Bought a potion of curing for 39 gold pieces
 45477 | Vaults:1 | Received a gift from Trog
 46050 | Vaults:2 | Reached skill level 10 in Evocations
 46499 | Vaults:2 | Paralysed by a formless jellyfish for 1 turns
 46516 | Vaults:2 | HP: 2/161 [yaktaur captain (8)]
 47467 | Vaults:3 | Identified the +8 hand axe "Apat Uqircho" {heavy, Str+2
                  | Dex+2}
 47541 | Vaults:3 | You fall into a shaft and drop 1 floor!
 48434 | Vaults:4 | Received a gift from Trog
 48435 | Vaults:4 | Reached XP level 20. HP: 124/170 MP: 14/20
 48751 | Vaults:4 | Reached skill level 15 in Dodging
 48849 | Vaults:4 | Identified a scroll of acquirement
 48853 | Vaults:4 | Acquired a +5 double sword of electrocution
 50019 | Vaults:3 | Found Eroasyeb's Armour Shop.
 50160 | Vaults:3 | Received a gift from Trog
 50160 | Vaults:3 | Found the +2 Maxwell's thermic engine {flame, freeze, rev}
 50205 | Vaults:3 | Reached skill level 15 in Long Blades
 50396 | Vaults:3 | Found a staircase to the Crypt.
 52168 | Elf:2    | Received a gift from Trog
 52364 | Elf:2    | Found a runed translucent gate.
 52366 | Elf:2    | Found a runed translucent gate.
 52366 | Elf:2    | Found a runed translucent gate.
 53233 | Elf:2    | Received a gift from Trog
 53363 | Elf:2    | Reached XP level 21. HP: 177/177 MP: 21/21
 53738 | Elf:3    | Entered Level 3 of the Elven Halls
 54398 | Elf:3    | Noticed Roxanne
 54626 | Elf:3    | Identified the +8 broad axe of the Rotten God {holy,
                  | ^Fragile rElec Dex+3 SInv}
 54626 | Elf:3    | Identified the ring "Nirukamm" {^Drain rElec rF+ Dex-5
                  | SInv}
 54732 | Elf:3    | Received a gift from Trog
 55282 | Elf:3    | Noticed Mara
 55306 | Elf:3    | Killed Mara
 55395 | Elf:3    | Identified the amulet "Tiefupsa" {Faith Int+3 Slay+2}
 55469 | Elf:3    | Identified the +4 rapier of Lohial {vamp, *Slow Int+7}
 55624 | Elf:3    | Found a runed translucent door.
 55820 | Elf:3    | Found a hide-covered altar of Uskayaw.
 56043 | Depths:1 | Entered Level 1 of the Depths
 56388 | Depths:1 | Identified the +6 trident of Precise Incision {flame,
                  | +Blink Will+} (Trog gifted it to you on level 1 of the
                  | Depths)
 56388 | Depths:1 | Received a gift from Trog
 56479 | Depths:1 | Noticed the Enchantress
 56511 | Depths:1 | Killed the Enchantress
 56664 | Depths:1 | Found an ornate altar of the Wu Jian Council.
 56910 | Depths:1 | Found a gateway to Hell.
 57002 | Depths:1 | Found a one-way gate to the infinite horrors of the Abyss.
 57384 | Depths:1 | Received a gift from Trog
 57527 | Depths:1 | Noticed Saint Roka
 57552 | Depths:1 | Killed Saint Roka
 57580 | Depths:1 | Identified the ring of Xoimic {rC+ rCorr}
 57623 | Depths:1 | Reached XP level 22. HP: 121/186 MP: 22/22
 58045 | Depths:2 | Found the amulet of the Four Winds {rN+ Will+++ Clar}
 58045 | Depths:2 | Noticed Hauff's ghost (veteran GrEE)
 58045 | Depths:2 | Found a runed translucent door.
 58066 | Depths:2 | Found a one-way gateway to a ziggurat.
 58241 | Depths:2 | Found a one-way gate leading to the halls of Pandemonium.
 58259 | Depths:2 | You fall into a shaft and drop 1 floor!
 58416 | Depths:2 | Found a magical portal.
 58426 | WizLab   | Entered Lehudib's Moon Base
 58456 | WizLab   | Gained mutation: You occasionally shout uncontrollably at
                  | your foes. [a neqoxec]
 58852 | WizLab   | Identified the ring of Weykuch {Str-2 Int+4 Dex+6}
 58873 | WizLab   | Gained mutation: Your body sometimes deteriorates upon
                  | taking damage. [a cacodemon]
 58916 | WizLab   | Found a transporter.
 58920 | WizLab   | Received a gift from Trog
 58981 | WizLab   | Gained mutation: Your health recovers twice as slowly from
                  | being drained. [a neqoxec]
 59207 | WizLab   | Found a transporter.
 59719 | WizLab   | Gained mutation: Your magical capacity is low. (-10% MP) [a
                  | cacodemon]
 59794 | WizLab   | Identified the ring of the Doomed God {Fire Fly rElec Str-4
                  | Slay+5}
 59907 | Depths:2 | Reached XP level 23. HP: 196/196 MP: 20/20
 60135 | Depths:2 | Identified the +7 halberd "Brush" {heavy, Str+5 SInv}
 60279 | Depths:2 | Identified the +0 robe "Fucanak" {^Drain Int+5 Stlth+}
 60647 | Depths:2 | Killed Hauff's ghost
 60689 | Depths:3 | Received a gift from Trog
 60984 | Depths:3 | Noticed a caustic shrike
 60984 | Depths:3 | Found the +3 giant club "Skullcrusher" {speed, Str+7}
 60985 | Depths:3 | Found a runed translucent door.
 61284 | Depths:3 | Found a runed translucent gate.
 61284 | Depths:3 | Found a runed translucent gate.
 61284 | Depths:3 | Found a runed translucent gate.
 61286 | Depths:3 | Found an opulent altar of Gozag.
 61287 | Depths:3 | Found Podas's Assorted Antiques.
 61287 | Depths:3 | Noticed Plog's ghost (veteran TeGl)
 61289 | Depths:3 | Found Marocsyo's Assorted Antiques.
 62328 | Depths:4 | Entered Level 4 of the Depths
 62368 | Depths:4 | Reached XP level 24. HP: 201/202 MP: 20/20
 62390 | Depths:4 | Received a gift from Trog
 62557 | Depths:4 | Found a gate to the Realm of Zot.
 62682 | Depths:4 | Identified the +3 shortbow of Fedhas's Reproof {heavy,
                  | rC++}
 63269 | Depths:4 | Received a gift from Trog
 63628 | Depths:4 | Gained mutation: Armour fits poorly on your strangely
                  | shaped body. [a cacodemon]
 63959 | Orc:2    | Bought a shiny helmet for 255 gold pieces
 64216 | Slime:1  | Entered Level 1 of the Pits of Slime
 64491 | Slime:2  | Gained mutation: You are vulnerable to heat. (rF-) [a
                  | shining eye]
 64492 | Slime:2  | Gained mutation: You are weak. (Str -2) [a shining eye]
 64494 | Slime:2  | Gained mutation: You are dopey. (Int -2) [a shining eye]
 64495 | Slime:2  | Gained mutation: You are clumsy. (Dex -2) [a shining eye]
 64497 | Slime:2  | Gained mutation: Your body often deteriorates upon taking
                  | damage. [a shining eye]
 64498 | Slime:2  | Gained mutation: You are very dopey. (Int -4) [a shining
                  | eye]
 65017 | Depths:1 | Voluntarily entered the Abyss.
 65071 | Abyss:1  | Found a corrupted altar of Lugonu.
 65109 | Abyss:1  | Paralysed by accursed screaming for 1 turns
 65135 | Abyss:1  | Received a gift from Trog
 65198 | Abyss:1  | Found a corrupted altar of Lugonu.
 65270 | Abyss:1  | Found a corrupted altar of Lugonu.
 65386 | Abyss:1  | Noticed a dread lich
 65408 | Abyss:1  | Killed a dread lich
 65428 | Depths:1 | Escaped the Abyss
 65498 | Depths:1 | Voluntarily entered the Abyss.
 65893 | Abyss:2  | Reached skill level 15 in Stealth
 65898 | Depths:1 | Escaped the Abyss
 66441 | Vaults:5 | Entered Level 5 of the Vaults
 66519 | Vaults:5 | Identified the +10 spear "Ciyreas" {flame, rPois Will+
                  | Int-4} (Trog gifted it to you on level 5 of the Vaults)
 66519 | Vaults:5 | Received a gift from Trog
 66582 | Vaults:5 | Identified the +7 mace of the Vanishing Xalams {heavy,
                  | rElec}
 66582 | Vaults:5 | Identified the amulet "Xiezy" {Acrobat rF- Str+2 SInv}
 66676 | Vaults:5 | Identified the +2 mace "Jagayc" {freeze, Will+}
 66676 | Vaults:5 | Identified the +0 leather armour of the Saviour {Harm
                  | ^Drain rF- SInv}
 66801 | Vaults:5 | Reached XP level 25. HP: 158/213 MP: 20/20
 66835 | Vaults:5 | Identified the +7 sling of the Ass {freeze, rC+}
 67429 | Vaults:5 | Identified the +6 flail of Okawaru's Regard {vamp, *Corrode
                  | rC++}
 67482 | Vaults:5 | Received a gift from Trog
 67558 | Vaults:5 | Noticed an ancient lich
 67569 | Vaults:5 | Killed an ancient lich
 67623 | Vaults:5 | Identified the +8 war axe of Dokkyr {heavy, Dex+2}
 67646 | Vaults:5 | Identified the +1 dagger of the Ageing Wolf {venom, rF+
                  | Will+ rCorr Int+3}
 68021 | Vaults:5 | Identified the ring of Qumetia {Fly Will+ Str-3 Dex+3}
 68181 | Vaults:5 | Found Nyogoer's Antique Armour Shop.
 68194 | Vaults:5 | Acquired 536 gold pieces
 68212 | Vaults:5 | Bought a runed helmet for 337 gold pieces
 68240 | Vaults:5 | Acquired 469 gold pieces
 68241 | Vaults:5 | Noticed a dread lich
 68263 | Vaults:5 | Killed a dread lich
 68368 | Vaults:5 | Got a silver rune of Zot
 68394 | Vaults:5 | Identified the staff "Mulub" {Int-2 Conj Summ Tloc}
 69064 | Zot:1    | Entered Level 1 of the Realm of Zot
 69458 | Zot:1    | Received a gift from Trog
 71153 | Zot:2    | Identified the ring "Ceixzoez" {Ice *Corrode Fly Stlth+}
 71153 | Zot:2    | Noticed Josephina
 71184 | Zot:2    | Killed Josephina
 71364 | Zot:2    | Noticed Vv
 71378 | Zot:2    | Killed Vv
 71518 | Zot:2    | Identified the +4 morningstar "For Hor" {venom, Int+3
                  | Dex+3}
 71683 | Zot:2    | Gained mutation: Your magical capacity is very low. (-20%
                  | MP) [mutagenic glow]
 72520 | Zot:3    | Reached XP level 26. HP: 225/225 MP: 18/18
 73304 | Zot:4    | Received a gift from Trog
 73917 | Zot:4    | Noticed an orb of fire
 73939 | Zot:4    | Killed an orb of fire
 74625 | Zot:4    | Reached skill level 15 in Evocations
 74742 | Zot:5    | Entered Level 5 of the Realm of Zot
 74957 | Zot:5    | Received a gift from Trog
 76435 | Zot:5    | Noticed a dread lich
 76488 | Zot:5    | Noticed an orb of fire
 76548 | Zot:5    | Noticed a dread lich
 76549 | Zot:5    | Noticed an ancient lich
 76571 | Zot:5    | Killed an ancient lich
 76867 | Zot:5    | Killed a dread lich
 76983 | Zot:5    | Noticed an ancient lich
 76995 | Zot:5    | Killed an ancient lich
 77026 | Zot:5    | Noticed an ancient lich
 77035 | Zot:5    | Noticed an orb of fire
 77048 | Zot:5    | Gained mutation: You are very weak. (Str -4) [an orb of
                  | fire]
 77054 | Zot:5    | Noticed an orb of fire
 77055 | Zot:5    | Killed an orb of fire
 77059 | Zot:5    | Killed an ancient lich
 77059 | Zot:5    | Killed from afar by an orb of fire

Illustrated notes

Levels and vault maps discovered:
D:1:      minmay_arrival_shattered_statue, layout_loops_corners,
          nicolae_houndstooth_variations
D:2:      layout_loops_ring, chequers_avenue
D:3:      layout_basic, dreamdust_ecumenical_altar_hidden_monk_grotto,
          palyth_stone_intersect, minmay_goblin_outpost, uniq_jessica,
          uniq_natasha
D:4:      layout_basic, serial_shops, nicolae_shop_overgrown_old_shop,
          minmay_between, uniq_robin, uniq_pikel
D:5:      layout_cave_pools, minmay_temple_entry_butterflies, serial_park,
          serial_park_square2, serial_park_square1
          [serial_park_minivault_5x5_4], serial_park_avenue1,
          serial_park_square3 [serial_park_minivault_5x5_8], uniq_blork_the_orc
D:6:      layout_rooms
D:7:      layout_loops_ring, uniq_crazy_yiuf_cottage
D:8:      layout_cave_pods, david_lair_shrubbed, special_room
          [special_room_kobold], small_chamber_with_monster
D:9:      layout_basic, special_room [special_room_orc], serial_shops, shop,
          minmay_ruffians
D:10:     layout_grid_maze, nzn_hepliaklqana_mist_gate, orc_0_dummy, uniq_urug
D:11:     layout_gridville, nicolae_elyvilon_peaceful_grove
D:12:     layout_loops_ring, minmay_beelzebubs_servants
D:13:     layout_basic, grunt_vaults_entry_fortified, zin_academy
D:14:     layout_basic, gauntlet_entry_generic,
          nicolae_dithmenos_through_a_glass_darkly, uniq_rupert
D:15:     hangedman_depths_entry_civil_slaughter, layout_long_grid,
          dk_noncrumbling_4, small_statue_alley_a, uniq_louise
Lair:1:   layout_gridlike, worms_lemuel
Lair:2:   layout_regular_city, nicolae_snake_entry_squirm, gammafunk_ghost_icy,
          uniq_sonja
Lair:3:   layout_chaotic_city, minmay_shoals_entry_centaurs, serial_forest,
          infiniplex_forest_straight_5, infiniplex_forest_lined_room_3,
          infiniplex_forest_lined_room_3, infiniplex_forest_clump_small,
          infiniplex_forest_lined_3, infiniplex_forest_straight_2,
          infiniplex_forest_side_room, infiniplex_forest_end_3,
          infiniplex_forest_clump_C, lemuel_fruit_tree, lemuel_fruit_fields
Lair:4:   layout_long_grid, slime_entry_1
Lair:5:   hangedman_lair_in_review, layout_cave_pods, wormcave,
          serial_bayou_shore_b
Shoals:1: layout_shoals, serial_shops, shop, uniq_aizul
Shoals:2: layout_shoals, nicolae_shoals_lost_giant_hut
Shoals:3: layout_shoals, nicolae_tricolors
Shoals:4: shoals_end_hangedman, layout_shoals, nicolae_shoals_songs
Snake:1:  kennysheep_six_static_rooms, layout_cave_shapes, minmay_shop_mayhem,
          minmay_shoptagon, uniq_kirke
Snake:2:  layout_misc_corridors, serial_shops, nicolae_shop_advertising_works
          [nicolae_subvault_shop_adworks]
Snake:3:  layout_chambers
Snake:4:  snake_pit_salamanders_mu, layout_cave_town, serial_shops,
          nicolae_shop_hallway_stairs, grunt_ministairs_14
Slime:1:  nicolae_slime_infinislime, layout_caves
Slime:2:  nicolae_slime_spelunking
Orc:1:    layout_caves, serial_shops, nicolae_diamond_shop
Orc:2:    st_orc_congregation, layout_caves, mines3_lemuel, uniq_maurice
Elf:1:    elf_arrival_001, layout_onion_city, minmay_elf_necromancy
Elf:2:    elven_hall_of_blades_hangedman_original
          [nicolae_blade_entry_antechamber], layout_geoelf_diagonals
Elf:3:    minmay_elf_hall_statues, layout_geoelf_castle, nicolae_danse_macabre,
          uniq_mara, uniq_roxanne
Vaults:1: nicolae_vaults_border_crossing, nicolae_vaults_house_1,
          grunt_vaults_funnel, v_rooms_5, hangedman_vaults_stream,
          nicolae_vaults_lightning_bolt, nicolae_vaults_six-pack,
          nicolae_vaults_closet_pinwheel_4, nicolae_vaults_circle_grid_b,
          vaults_room_stairs_pillars, layout_vaults_big_room, serial_shops,
          shop, uniq_asterion
Vaults:2: ontoclasm_vaults_ligature, v_alt_pattern_2,
          vaults_room_stairs_pillars, vaults_room_door_ring, vaults_room_pools,
          v_alt_pattern_6, nicolae_vaults_variable_pillar_hall,
          nicolae_vaults_shelves_hall, layout_vaults_omnigrid
Vaults:3: nicolae_vaults_big_angled_halls, nicolae_vaults_trapezoid_lopsided_1,
          minmay_crypt_entry_simple_statues, hangedman_vaults_slither,
          nicolae_vaults_surprise_closet, ontoclasm_vaults_misaligned,
          nicolae_vaults_meiosis, v_alt_pattern_1, nicolae_vaults_asterisk,
          nicolae_vaults_tetromino_T_1, nicolae_vaults_windows_and_doors_thing,
          layout_vaults_big_cross, serial_shops, nicolae_shop_trees
Vaults:4: nicolae_whirlpool, vaults_standard_mumra_x,
          hangedman_vaults_restitches, ontoclasm_vaults_pinch,
          nicolae_vaults_storage_closets_2, ontoclasm_vaults_shuriken,
          hangedman_vaults_restitches, serial_library_hellmonk_open_cross,
          nicolae_vaults_stairing_the_circle, nicolae_vaults_alarming,
          nicolae_vaults_layer_cake_slice, nicolae_vaults_trapezoid_lopsided_2,
          nicolae_vaults_asterisk, vaults_room_stairs_pillars,
          vaults_room_fancy_cross, vaults_dpeg_encased_lava,
          layout_vaults_omnibox
Vaults:5
Depths:1: layout_honeycomb, pf_hell_entry_tar_river, nzn_wu_jian_contemplation,
          abyss_entry_small_statue_room, minmay_serpent_palace, uniq_saint_roka,
          uniq_enchantress
Depths:2: minmay_the_grid_octo_triangle [minmay_the_grid_octo_checkered,
          minmay_the_grid_octo_prize_star, minmay_the_grid_octo_chip],
          layout_gridville, enter_ziggurat_d, chequers_serial_rivers_large_b,
          mu_enter_wizlab_4, grunt_pan_entry_sceptre, hell_entry,
          ebering_ghost_reflecting_pool
Depths:3: minmay_gate_of_8, layout_gridlike, pan_entry, ebering_ghost_gozag,
          hell_entry, nicolae_the_louvre, abyss_entry
Depths:4: evilmike_zot_entry_basic, layout_basic, hell_entry,
          rand_demon_pan_entry_4, nicolae_concentric_dashed_squares_mild,
          hangedman_aviary
Zot:1:    layout_gridlike
Zot:2:    layout_basic, grunt_megastairs_2, uniq_vv, uniq_josephina
Zot:3:    layout_gridlike
Zot:4:    grunt_deathspiral_small, layout_onion_interference
Zot:5:    layout_gridlike

Skill      XL: |  1  2  3  4  5  6  7  8  9 10 11 12 13 14 15 16 17 18 19 20 21 22 23 24 25 26 |
---------------+-------------------------------------------------------------------------------+-----
Long Blades    | 4 5 6 8 10 12 13 14 16 | 16.0
Fighting       | 3 4 5 6 7 8 10 12 13 15 16 17 18 19 20 22 | 22.8
Armour         | 2 3 4 6 7 10 11 12 13 14 | 14.0
Dodging        | 4 5 6 10 11 12 14 16 17 19 20 22 | 22.0
Stealth        | 2 10 12 16 20 22 | 22.6
Evocations     | 4 6 8 10 12 14 15 | 15.5
Polearms       | 4 12 14 | 14.0
Shields        | 8 9 10 12 13 14 | 14.0

Action                     |  1- 3 |  4- 6 |  7- 9 | 10-12 | 13-15 | 16-18 | 19-21 | 22-24 | 25-27 || total
---------------------------+-------+-------+-------+-------+-------+-------+-------+-------+-------++-------
  Melee: Falchion          |    60 |       |       |       |       |       |       |       |       ||    60
         Bite              |     8 |    18 |    62 |   144 |   431 |   477 |   453 |   295 |   252 ||  2140
         Short sword       |    51 |   157 |   513 |       |       |       |       |       |       ||   721
         Punch             |     1 |     1 |    10 |    12 |    38 |       |       |       |       ||    62
         Scimitar          |       |       |    71 |   403 |       |       |       |       |       ||   474
         Long sword        |       |       |       |   101 |       |       |       |       |       ||   101
         Rapier            |       |       |       |   527 |  2360 |  1193 |       |       |       ||  4080
         Trident           |       |       |       |       |       |  1889 |   158 |       |       ||  2047
         Demon trident     |       |       |       |       |       |       |   780 |       |       ||   780
         Unarmed           |       |       |       |       |       |       |    18 |       |       ||    18
         Double sword      |       |       |       |       |       |       |  1326 |  1433 |  1160 ||  3919
 Invoke: Berserk           |       |     1 |     3 |     4 |     9 |     8 |     2 |       |     1 ||    28
         Trog's Hand       |       |       |       |     1 |     3 |     1 |     3 |     1 |     6 ||    15
         Brothers in Arms  |       |       |       |     1 |     1 |     9 |     7 |     3 |     4 ||    25
  Evoke: Wand              |       |       |       |     5 |       |     1 |       |       |       ||     6
         Lightning rod     |       |       |       |       |     3 |     2 |     4 |     4 |     5 ||    18
         Condenser vane    |       |       |       |       |       |     1 |     2 |     2 |     4 ||     9
    Use: Scroll            |       |       |     4 |     7 |     8 |    11 |    21 |     5 |    19 ||    75
         Potion            |       |       |       |       |     1 |     5 |     3 |     3 |     4 ||    16
   Stab: Sleeping          |       |       |       |     3 |    37 |    33 |    16 |    19 |    20 ||   128
         Distracted        |       |       |       |       |     1 |    10 |    12 |    11 |     5 ||    39
         Confused          |       |       |       |       |       |       |       |       |     2 ||     2
 Armour: Animal skin       |    16 |       |       |       |       |       |       |       |       ||    16
         Ring mail         |    29 |    81 |   251 |   548 |       |       |       |       |       ||   909
         Chain mail        |       |       |       |    35 |  1388 |  1449 |   924 |       |       ||  3796
         Skin              |       |       |       |       |       |       |     3 |       |       ||     3
         Acid dragon scale |       |       |       |       |       |       |    63 |   421 |   395 ||   879
  Dodge: Dodged            |    84 |    91 |   302 |   863 |  1804 |  1433 |  1275 |   879 |   742 ||  7473
  Block: Kite shield       |       |       |       |       |     4 |  1609 |  1548 |   887 |   821 ||  4869

Table legend: (Time is in decaauts)
 A = Elapsed time spent in this place.
 B = Non-inter-level travel time spent in this place.
 C = Inter-level travel time spent in this place.
 D = Time resting spent in this place.
 E = Time spent auto-exploring this place.
 F = Levels seen in this place.
 G = Mean time per level.
                   A        B        C        D        E       F      G
               +--------+--------+--------+--------+--------+-----+--------+
         Total |  75064 |  68958 |   6106 |  16019 |  31290 |  54 | 1390.1 |
       Dungeon |  15994 |  13712 |   2282 |   1520 |   8387 |  15 | 1066.3 |
          Lair |   8075 |   6937 |   1138 |   1223 |   3861 |   5 | 1615.0 |
        Shoals |   5005 |   4747 |    258 |   1192 |   1914 |   4 | 1251.2 |
     Snake Pit |   9288 |   8703 |    585 |   2723 |   3215 |   4 | 2322.0 |
    Slime Pits |    479 |    392 |     87 |    154 |     65 |   2 |  239.5 |
  Orcish Mines |   2801 |   2476 |    325 |    634 |    923 |   2 | 1400.5 |
   Elven Halls |   5605 |   5326 |    279 |   1200 |   2310 |   3 | 1868.3 |
        Vaults |  10902 |  10124 |    778 |   2748 |   3960 |   5 | 2180.4 |
        Depths |   6531 |   6247 |    284 |   1381 |   2768 |   4 | 1632.8 |
           Zot |   7833 |   7747 |     86 |   2512 |   3387 |   5 | 1566.6 |
         Abyss |    772 |    772 |      0 |    284 |     35 |   3 |  257.3 |
        Wizlab |   1340 |   1340 |      0 |    295 |    437 |   1 | 1340.0 |
      Gauntlet |    435 |    435 |      0 |    148 |     26 |   1 |  435.0 |
               +--------+--------+--------+--------+--------+-----+--------+

Top non-repeatable levels by time:
 Snake:4: 4674 daAuts
  Lair:5: 2913 daAuts
Vaults:1: 2912 daAuts
Vaults:4: 2376 daAuts
Depths:1: 2334 daAuts
 Snake:3: 2186 daAuts
Vaults:5: 2181 daAuts
   Elf:3: 2085 daAuts
   Zot:5: 2053 daAuts
    D:13: 2044 daAuts
Vaults:3: 1992 daAuts
   Elf:2: 1884 daAuts
   Zot:4: 1855 daAuts
   Orc:2: 1806 daAuts
Shoals:4: 1801 daAuts
